 Dungeon Crawl Stone Soup version 0.29.1-15-g9cfb28693d (webtiles) character file.

Game seed: 12245780895469770246

9 leafyfresh the Sneak (level 2, 0/21 HPs)
             Began as an Octopode Delver on Feb 24, 2023.
             Slain by an adder (1 damage)
             ... on level 2 of the Dungeon.
             The game lasted 00:01:00 (701 turns).

leafyfresh the Sneak (Octopode Delver)               Turns: 701, Time: 00:01:01

Health: 0/21       AC:  1    Str: 11    XL:     2   Next: 16%
Magic:  2/2        EV: 13    Int: 12    God:
Gold:   33         SH:  0    Dex: 13    Spells: 1/1 levels left

rFire   . . .      SeeInvis .   a - +0 short sword
rCold   . . .      Faith    .   (no shield)
rNeg    . . .      Spirit   .   (helmet restricted)
rPois   .          Reflect  .   (no amulet)
rElec   .          Harm     .   (no ring)
rCorr   .          Rampage  .   (no ring)
Will    .....                   (no ring)
Stlth   ++++......              (no ring)
HPRegen 0.07/turn               (no ring)
MPRegen 0.08/turn               (no ring)
                                (no ring)
                                (no ring)

@: lethally poisoned (0 -> -10)
A: almost no armour, amphibious, 8 rings, camouflage 1, gelatinous body 1,
(nimble swimmer 1), tentacles
a: no special abilities


You were on level 2 of the Dungeon.
You visited 1 branch of the dungeon, and saw 4 of its levels.

You collected 33 gold pieces.

Inventory:

Hand Weapons
 a - a +0 short sword (weapon)
Jewellery
 e - a ring of poison resistance
Wands
 f - a wand of digging (3)
Scrolls
 b - a scroll of fog
 c - a scroll of magic mapping
 d - a scroll of fear
Potions
 g - a potion of heal wounds {unknown}
 h - a potion of magic {unknown}
 i - a potion of ambrosia {unknown}
 j - a potion of curing {unknown}


   Skills:
 - Level 3.1 Fighting
 - Level 2.1 Short Blades
 - Level 2.1 Dodging
 + Level 7.0 Stealth


You had one spell level left.
You didn't know any spells.
Your spell library was empty.

Dungeon Overview and Level Annotations

Branches:
Dungeon (5/15)
 Temple: D:4-7

Altars:
Kikubaaqudgha

Annotations:
D:2 Sigmund
D:4 Robin


Innate Abilities, Weirdness & Mutations

You cannot wear most types of armour.
You are amphibious.
You can wear up to eight rings at the same time.
Your skin changes colour to match your surroundings (Stealth+).
Your rubbery body absorbs attacks. (AC +1, EV +1)
((You are camouflaged when in or above water. (Stealth+)))
You have tentacles for arms and can constrict up to eight enemies at once.


Message History

Sigmund is nearby!
A goblin comes into view. It is wielding a +0 club.
There are monsters nearby!
The helpless Sigmund fails to defend himself.
You puncture Sigmund! Your grab misses Sigmund.
Sigmund is severely wounded.
Sigmund barely misses you.
There are monsters nearby!
You hit Sigmund. Your grab misses Sigmund.
Sigmund is severely wounded.
There are monsters nearby!
You barely miss Sigmund. Your grab misses Sigmund.
Sigmund is severely wounded.
Sigmund smiles chillingly.
Sigmund gestures wildly while chanting.
Sigmund flickers and vanishes!
Deactivating autopickup; reactivate with Ctrl-A.
A goblin is nearby!
An adder comes into view.
Something barely misses you.
The adder hisses angrily.
Something hits you.
A goblin is nearby!
Unknown command.
You hit something. You closely miss something.
You hear some strange, mumbled words.
Something tries to affect you, but you resist.
You miss something. Something hits you! The goblin closely misses you.
You miss something. The adder bites you.
* * * LOW HITPOINT WARNING * * *
You are poisoned.
The adder poisons you! The goblin barely misses you.
You hear some strange, mumbled words.
Something tries to affect you, but you resist.
You barely miss something.
You feel sick. The adder bites you.
* * * LOW HITPOINT WARNING * * *
You are more poisoned.
The adder poisons you! The adder bites you.
You die...

# #.#####
#......########
#.....S.......###.#
#g@..........# ###
........{####.#######.##
#.######.# ##.######...#
#.###..#)........
#.##⌠....####...#
#.##.....# ##.##
#.##⌠._..# #.#
#.#......# #.# ...⌠....#
#.#


You could see an adder and a goblin.

Vanquished Creatures
  2 dart slugs
  A goblin (D:2)
  A bat (D:2)
  A kobold (D:2)
  2 rats
7 creatures vanquished.

Notes
Turn   | Place    | Note
-------+----------+-------------------------------------------
     0 | D:5      | leafyfresh the Octopode Delver began the quest for the Orb.
     0 | D:5      | Reached XP level 1. HP: 16/16 MP: 1/1
    15 | D:5      | Noticed an ogre
    27 | D:5      | Noticed a hound
    46 | D:4      | Noticed Robin
    74 | D:4      | Noticed an ogre
    92 | D:4      | Noticed an iguana
   472 | D:3      | Found an ancient bone altar of Kikubaaqudgha.
   597 | D:2      | Reached XP level 2. HP: 21/21 MP: 2/2
   603 | D:2      | Found a faded altar of an unknown god.
   610 | D:2      | Reached skill level 7 in Stealth
   687 | D:2      | Noticed Sigmund
   701 | D:2      | HP: 1/21 [adder (4)]
   701 | D:2      | Slain by an adder

Illustrated notes

Levels and vault maps discovered:
D:2:      layout_loops_ring, hellmonk_ecumenical_altar_run_dry, uniq_sigmund
D:3:      layout_rooms, mainiacjoe_overflow_chevrons, pf_just_have_faith,
          old_standard_altar, uniq_ijyb
D:4:      gammafunk_wand_slinger, layout_basic, uniq_robin, uniq_pikel,
          uniq_eustachio
D:5:      wad_river_or_something, layout_loops_ring,
          mainiacjoe_overflow_alcove_4, lightli_sewer_entry_pipes,
          minmay_manual_mess

Skill      XL: |  1  2 |
---------------+-------+-----
Stealth        | 7 |  7.0
Fighting       | |  3.1
Short Blades   | |  2.1
Dodging        | |  2.1

Action                   || total
-------------------------++-------
Melee: Short sword       ||    21
       Tentacles         ||     3
       Constrict         ||     2
  Use: Potion            ||     1
 Stab: Sleeping          ||     4
Armor: Skin              ||     1
Dodge: Dodged            ||    13
